 Dungeon Crawl Stone Soup version 0.29-a0-25-g7f48f510a0 (webtiles) character file.

Game seed: 17811129845760321905

3 Bosse the Firebug (level 1, 0/13 HPs)
             Began as a Demonspawn Fire Elementalist on Jan 31, 2022.
             Slain by a giant cockroach (1 damage)
             ... on level 1 of the Dungeon.
             The game lasted 00:02:02 (414 turns).

Bosse the Firebug (Demonspawn Fire Elementalist)     Turns: 414, Time: 00:02:03

Health: 0/13       AC:  2    Str:  8    XL:     1   Next: 41%
Magic:  2/4        EV: 12    Int: 16    God:
Gold:   26         SH:  0    Dex: 13    Spells: 3/4 levels left

rFire   . . .      SeeInvis .   (no weapon)
rCold   + . .      Faith    .   (no shield)
rNeg    . . .      Spirit   .   a - +0 robe
rPois   .          Reflect  .   (no helmet)
rElec   .          Harm     .   (no cloak)
rCorr   .          Rampage  .   (no gloves)
Will    .....                   (no boots)
Stlth   ++........              (no amulet)
HPRegen 0.04/turn               c - ring of protection from cold
MPRegen 0.09/turn               (no ring)

@: no status effects
A: high MP 2, subdued magic 1
a: no special abilities


You were on level 1 of the Dungeon.
You visited 1 branch of the dungeon, and saw 2 of its levels.

You collected 26 gold pieces.

Inventory:

Armour
 a - a +0 robe (worn)
Jewellery
 c - a ring of protection from cold (left hand)
Scrolls
 b - a scroll of immolation {unknown}


   Skills:
 + Level 1.7 Dodging
 + Level 1.7 Stealth
 * Level 2.1 Spellcasting
 * Level 1.2 Conjurations
 * Level 2.7 Fire Magic


You had 3 spell levels left.
You knew the following spells:

 Your Spells              Type           Power      Damage    Failure   Level
a - Foxfire               Conj/Fire      24%        2x1d5     7%          1

Your spell library contained the following spells:

 Spells                   Type           Power      Damage    Failure   Level
 Scorch                   Fire           16%        2d6       8%          2
 Conjure Flame            Conj/Fire      6%         6-21      22%         3
 Inner Flame              Hex/Fire       4%         N/A       30%         3
 Tukima's Dance           Hex            1%         N/A       47%         3
 Flame Wave               Conj/Fire      6%         2d5       61%         4
 Passage of Golubria      Tloc           1%         N/A       88%         4
 Yara's Violent Unravell  Hex/Tmut       0%         3d3       99%         5


Dungeon Overview and Level Annotations

Branches:
Dungeon (2/15)

Altars:


Innate Abilities, Weirdness & Mutations

You have a considerably increased reservoir of magic. (+20% MP)
Your spells are a little easier to cast, but a little less powerful.


Message History

It was a potion of mutation.
You feel extremely strange.
Your connection to magic feels subdued.
You feel more energetic. x2
The giant cockroach misses you.
The giant cockroach bites you but does no damage.
You hit the giant cockroach but do no damage.
The giant cockroach is severely wounded.
The giant cockroach misses you.
Casting: Foxfire (safe; 7% risk of failure)
Confirm with . or Enter, or press ? or * to list all spells.
There is not enough space to conjure foxfire!
You hit the giant cockroach but do no damage.
The giant cockroach is severely wounded.
The giant cockroach bites you.
* * * LOW HITPOINT WARNING * * *
The giant cockroach bites you but does no damage. x2
The giant cockroach bites you.
* * * LOW HITPOINT WARNING * * *
The giant cockroach waves its antennae.
The giant cockroach bites you.
* * * LOW HITPOINT WARNING * * *
There is a stone staircase leading down here.
Casting: Foxfire (safe; 7% risk of failure)
Confirm with . or Enter, or press ? or * to list all spells.
You don't know that spell.
The giant cockroach barely misses you.
You climb downwards.
There is a stone staircase leading up here.
The giant cockroach closely misses you.
The giant cockroach waves its antennae.
The giant cockroach barely misses you.
The hobgoblin shouts!
You climb upwards.
The rat bites you.
* * * LOW HITPOINT WARNING * * *
There is a stone staircase leading down here.
The giant cockroach barely misses you.
Casting: Foxfire (safe; 7% risk of failure)
Confirm with . or Enter, or press ? or * to list all spells.
You conjure some foxfire!
The rat bites you but does no damage. The giant cockroach bites you.
You die...

#...#
##########...#
###.#
#............#
#.#
#.#######.....
#.# #.#
#...... #.#
#.# #......
#.# #.#
#.#.#.. #.#
#.# #.#.#..
#r####.#
#.#.#..
#B@v...#
#.#.#.#
########
#.#.#.#
#......
#####.# #.#
#.. ###


You could see a giant cockroach (ally target) and a rat.

Vanquished Creatures
  A ball python (D:1)
  A hobgoblin (D:1)
  A kobold (D:1)
3 creatures vanquished.

Vanquished Creatures (others)
  11 foxfires (D:1)
11 creatures vanquished.

Grand Total: 14 creatures vanquished

Notes
Turn   | Place    | Note
-------+----------+-------------------------------------------
     0 | D:1      | Bosse the Demonspawn Fire Elementalist began the quest for
                  | the Orb.
     0 | D:1      | Reached XP level 1. HP: 13/13 MP: 3/3
   394 | D:1      | Gained mutation: Your spells are a little easier to cast,
                  | but a little less powerful. [potion of mutation]
   394 | D:1      | Gained mutation: You have an increased reservoir of magic.
                  | (+10% MP) [potion of mutation]
   394 | D:1      | Gained mutation: You have a considerably increased
                  | reservoir of magic. (+20% MP) [potion of mutation]
   414 | D:1      | Slain by a giant cockroach

Illustrated notes

Levels and vault maps discovered:
D:1:      lemuel_arrival_rhombus, layout_loops_ring,
          hellmonk_ecumenical_altar_the_god_not_taken, minivault_14
D:2:      layout_loops_ring, grunt_ministairs_11, minmay_misc_feat_cross,
          minmay_pentomino_w4, uniq_terence

Action                   || total
-------------------------++-------
Melee: Unarmed           ||    22
 Cast: Foxfire           ||    12
  Use: Potion            ||     1
Armor: Robe              ||    10
Dodge: Dodged            ||    30

Table legend: (Time is in decaauts)
 A = Elapsed time spent in this place.
 B = Non-inter-level travel time spent in this place.
 C = Inter-level travel time spent in this place.
 D = Time resting spent in this place.
 E = Time spent auto-exploring this place.
 F = Levels seen in this place.
 G = Mean time per level.
                   A        B        C        D        E       F      G
               +--------+--------+--------+--------+--------+-----+--------+
         Total |    413 |    413 |      0 |    150 |    134 |   2 |  206.5 |
       Dungeon |    413 |    413 |      0 |    150 |    134 |   2 |  206.5 |
               +--------+--------+--------+--------+--------+-----+--------+

Top non-repeatable levels by time:
     D:1: 412 daAuts
     D:2: 1 daAuts
